Map: Eastwatch LE

Players

axu - Winner!

  • Race: Protoss Protoss
  • League: Platinum
  • Spawn Location: 7:00

volk

  • Race: Protoss Protoss
  • League: Platinum
  • Spawn Location: 1:00

VOD

Have the link to the VOD?

Description

Time

  • Played on: May 4, 2018, 2:29 p.m.
  • Length: 11:49
Show
View Real Time Build Order
Export as new Build Order

axu Protoss - Winner!

Build Orders: Oracle Opening 

Get SALT Encoding   

  12  0:00  Probe  
  13  0:13  Probe  
  14  0:18  Pylon  
  14  0:25  Probe  
  15  0:37  Probe  
  15  0:40  Gateway  
  16  0:49  Probe  
  17  0:52  Assimilator  
  17  0:57  Probe  
  18  1:05  Assimilator  
  18  1:13  Probe  
  18  1:14  Gateway  
  19  1:25  Probe  
  20  1:35  Cybernetics Core  
  20  1:39  Probe  
  21  1:43  Pylon  
  21  1:51  Probe  
  22  2:03  Adept  
  22  2:04  Adept, Probe  
  27  2:17  Warp Gate  
  27  2:21  Pylon  
  27  2:36  Stalker x2  
  31  2:39  Probe  
  32  2:52  Stargate  
  32  2:53  Probe  
  31  3:44  Oracle  
  32  3:48  Gateway x2  
  32  3:50  Gateway  
  32  4:05  Nexus  
  32  4:10  Twilight Council  
  32  4:13  Pylon  
  32  4:16  Pylon  
  32  4:26  Pylon  
  32  4:47  Pylon  
  32  4:55  Stalker x3  
  32  4:56  Stalker  
  40  5:15  Stalker  
  42  5:32  Stalker x3  
  42  5:33  Stalker  
  46  5:46  Void Ray  
  46  5:48  Stalker  
  46  6:05  Stalker  
  46  6:08  Probe x2  
  42  6:35  Probe x2  
  42  6:46  Probe x2  
  42  6:49  Pylon  
  44  6:54  Probe  
  44  6:55  Probe  
  46  7:02  Probe  
  46  7:03  Probe  
  48  7:29  Probe x2  
  50  7:31  Stalker  
  50  7:32  Stalker x4  
  60  7:41  Probe x2  
  60  7:43  Pylon  
  62  7:45  Assimilator  
  62  7:48  Assimilator  
  62  7:53  Probe x2  
  64  8:05  Probe x2  
  62  8:31  Probe x2  
  64  8:39  Robotics Facility  
  64  8:42  Robotics Facility  
  64  8:49  Stalker  
  64  8:50  Stalker x4  
  59  9:41  Immortal x2  
  67  9:46  Stalker x3  
  67  9:47  Stalker x2  
  67  9:52  Pylon  
  77  9:58  Pylon  
  77  10:04  Nexus  
  77  10:06  Templar Archives  
  77  10:14  Immortal x2  
  85  10:25  Pylon  
  85  10:29  Pylon  
  81  10:55  Stalker  
  81  10:56  Stalker x4  
  91  11:00  Probe x2  
  90  11:12  Probe x2  
  100  11:20  Probe  
  100  11:24  Assimilator, Probe  
  100  11:25  Probe  
  103  11:26  Assimilator  
  103  11:32  Probe  
Show
View Real Time Build Order
Export as new Build Order

volk Protoss 

Build Orders:  

Get SALT Encoding   

  12  0:00  Probe  
  13  0:13  Probe  
  14  0:20  Pylon  
  14  0:25  Probe  
  15  0:36  Probe  
  15  0:41  Gateway  
  16  0:45  Probe  
  17  0:50  Assimilator  
  17  0:53  Probe  
  18  1:04  Probe  
  19  1:28  Cybernetics Core  
  19  1:40  Pylon  
  19  1:47  Pylon  
  19  1:52  Pylon, Probe  
  19  1:59  Assimilator  
  19  2:00  Probe  
  21  2:10  Probe  
  22  2:22  Probe  
  23  2:24  Robotics Facility  
  23  2:29  Shield Battery  
  23  2:33  Stalker  
  23  2:36  Gateway  
  25  2:45  Warp Gate  
  25  2:51  Pylon  
  25  3:08  Nexus  
  25  3:21  Immortal  
  22  3:37  Probe  
  19  3:45  Probe  
  20  3:55  Probe  
  20  3:59  Immortal  
  21  4:07  Probe  
  26  4:20  Probe  
  26  4:23  Probe  
  28  4:32  Adept  
  28  4:35  Probe  
  31  4:44  Probe  
  32  4:47  Probe  
  33  4:56  Probe  
  34  5:10  Stalker  
  31  5:31  Stalker  
  31  5:35  Shield Battery  
  26  6:09  Stalker  
  28  6:16  Shield Battery  
  28  6:20  Assimilator  
  28  6:21  Immortal  
  28  6:41  Stalker  
  30  6:55  Gateway  
  30  6:58  Probe  
  31  7:10  Probe  
  32  7:19  Pylon  
  32  7:34  Stalker  
  34  7:38  Shield Battery  
  34  7:42  Probe  
  35  8:06  Stalker x2  
  39  8:18  Probe  
  40  8:22  Assimilator  
  40  8:27  Gateway  
  40  8:31  Probe  
  41  8:37  Zealot  
  43  8:43  Probe  
  44  9:03  Probe  
  44  9:06  Stalker x2  
  49  9:11  Probe  
  50  9:21  Probe  
  42  9:44  Probe  
  42  9:50  Stalker  
  42  9:52  Probe  
  45  9:58  Probe  
  47  10:01  Shield Battery  
  47  10:02  Probe  
  48  10:10  Probe  
  48  10:14  Probe  
  50  10:15  Stalker  
  46  10:49  Stalker x3  
  50  10:57  Probe x2  
  52  11:09  Probe  
  52  11:10  Probe  
  54  11:13  Stalker x3  
  60  11:27  Pylon  
  60  11:28  Probe  
  61  11:36  Probe  
Tags
 
Add a new tag
Caveats
  • Supply blocks, unpowered buildings, or Contaminate may cause inaccurate times.
  • Supply counts are checked every 10 seconds.